 Dungeon Crawl Stone Soup version 0.31-a0-1591-g515db51633 (webtiles) character file.

Game seed: 11575046090535354552

22947 MisterFreud the Mimic (level 12, -3/90 HPs)
             Began as a Grey Draconian Shapeshifter on Jan 6, 2024.
             Was the Champion of Hepliaklqana.
             Slain by a death yak (18 damage)
             ... on level 1 of the Lair of Beasts.
             The game lasted 00:16:59 (14148 turns).

MisterFreud the Mimic (DrSh)                       Turns: 14148, Time: 00:17:00

Health: -3/90      AC: 17    Str: 17    XL:     12   Next: 67%
Magic:  12/12      EV: 17    Int: 11    God:    Hepliaklqana [******]
Gold:   740        SH:  0    Dex: 15    Spells: 11/11 levels left

rFire   x .          .
                       - Unarmed
rCold   + . .        (no shield)
rNeg    . . .        (body armour unavailable)
rPois   .            (helmet restricted)
rElec   .            (no cloak)
rCorr   +            (no gloves)
SInv    .            (no boots)
Will    +....        (no amulet)
Stlth   +            w - +4 ring of protection
HPRegen 0.35/turn    t - ring of ice
MPRegen 0.13/turn

%: no passive effects
@: confused, maw-form, ambrosia-drunk
A: devouring maw, reduced essence, AC +13, amphibious, unfitting armour,
cold-blooded, mutation resistance 1
a: Begin Untransformation, Renounce Religion, Recall Ancestor, Ancestor
Identity, Transference, Idealise


You were on level 1 of the Lair of Beasts.
You worshipped Hepliaklqana.
Hepliaklqana was exalted by your worship.
You were a creature with a mouth for a stomach.
You visited 2 branches of the dungeon, and saw 13 of its levels.
You also visited: Ice Cave.

You collected 740 gold pieces.

Inventory:

Missiles
 I - a throwing net
Armour
 g - a +1 cloak of poison resistance
Jewellery
 l - a ring of flight
 o - a +6 ring of intelligence
 t - a ring of ice (right hand)
 w - a +4 ring of protection (left hand)
 z - a ring of fire
 E - a ring of fire
 J - a ring of ice
Talismans
 b - a beast talisman
 c - a flux talisman
 n - the maw talisman of Classification (active) {Will+ rCorr}
   (You found it on level 9 of the Dungeon)

   [maw talisman]

   Will+:     It increases your willpower.
   rCorr:     It protects you from acid and corrosion.
Wands
 p - a wand of acid (10)
 q - a wand of paralysis (27)
 s - a wand of iceblast (12)
 v - a wand of flame (41)
 B - a wand of polymorph (4)
 F - a wand of mindburst (4)
 L - a wand of digging (8)
Scrolls
 d - 3 scrolls of fog
 h - a scroll of fear
 j - 2 scrolls of amnesia
 u - a scroll of revelation
 y - 4 scrolls of teleportation
 C - a scroll of identify
 D - 2 scrolls of immolation
Potions
 a - a potion of lignification
 e - 5 potions of might
 f - a potion of curing
 i - 5 potions of attraction
 k - 5 potions of degeneration
 m - a potion of ambrosia
 r - a potion of mutation
 x - a potion of brilliance
 A - 3 potions of haste
 K - 3 potions of cancellation
 M - a potion of invisibility
Miscellaneous
 G - a tin of tremorstones (2/2)
 H - a lightning rod (4/4)


   Skills:
 - Level 8.0 Fighting
 - Level 10.0 Dodging
 - Level 10.0 Unarmed Combat
 - Level 5.0 Evocations
 + Level 13.0 Shapeshifting


You had 11 spell levels left.
You didn't know any spells.
Your spell library contained the following spells:

 Spells                   Type           Power      Damage    Failure   Level
 Cigotuvi's Dreadful Rot  Necr/Alch/Air  0%         N/A       47%         2
 Fugue of the Fallen      Necr           0%         N/A       71%         3
 Ozocubu's Armour         Ice            0%         N/A       71%         3
 Anguish                  Hex/Necr       0%         N/A       98%         4
 Cause Fear               Hex            0%         N/A       98%         4
 Ignite Poison            Fire/Alch      0%         N/A       98%         4
 Manifold Assault         Tloc           0%         N/A       98%         4
 Freezing Cloud           Conj/Ice/Air   0%         6-21      100%        5
 Sculpt Simulacrum        Ice/Alch       0%         N/A       100%        6
 Enfeeble                 Hex            0%         N/A       100%        7
 Ozocubu's Refrigeration  Ice            0%         4d7       100%        7
 Polar Vortex             Ice            0%         N/A       100%        9


Dungeon Overview and Level Annotations

Branches:
Dungeon (12/15)            Temple (0/1) D:7            Lair (1/5) D:11
    Orc (0/2) D:11          IceCv (visited)

Altars:
Elyvilon
Hepliaklqana
Makhleb
Nemelex Xobeh
Okawaru
Qazlal
Uskayaw
Vehumet
Xom
Yredelemnul
Zin


Innate Abilities, Weirdness & Mutations

You are a creature with a mouth for a stomach.
Your midsection houses a second, enormous mouth.
Your life essence is reduced to manifest your ancestor. (-10% HP)
Your dull iron-grey scales are very hard. (AC +13)
You are amphibious.
You cannot fit into any form of body armour.
You are cold-blooded and may be slowed by cold attacks.
You are somewhat resistant to further mutation.


Message History

You punch the death yak! You bite the death yak!
The death yak is heavily wounded.
The death yak closely misses you. The death yak completely misses you.
The death yak gores you!
* * * LOW HITPOINT WARNING * * *
The death yak completely misses you.
The death yak attacks as it pursues you!
The death yak closely misses you.
You hit the death yak but do no damage.
Your tail-slap misses the death yak.
The death yak gores you but does no damage.
You hit the death yak but do no damage. Your bite misses the death yak.
You hit the death yak but do no damage. You bite the death yak.
The death yak is lightly wounded.
The death yak gores you but does no damage.
You hit the death yak but do no damage. You bite the death yak.
The death yak is lightly wounded.
The death yak gores you but does no damage.
You punch the death yak! You bite the death yak!!
The death yak is heavily wounded.
The death yak closely misses you.
You hit the death yak but do no damage. You punch the death yak.
You bite the death yak!
The death yak is heavily wounded.
The death yak completely misses you.
You punch the death yak!
You bite the death yak, but do no damage.
The death yak is heavily wounded.
The death yak gores you but does no damage.
You barely miss the death yak.
The death yak is heavily wounded.
The death yak gores you!!
* * * LOW HITPOINT WARNING * * *
You hit the death yak.
You bite the death yak, but do no damage.
The death yak is heavily wounded.
Okay, then.
Unknown command.
You are confused.
You feel invigorated. The death yak gores you!!
You die...

##....P.##.........
#.............P###
###P..............#
....[...........#.#
#.##.....#####.##.#
#####....## ##
#.>..##.Y###
.......#Y..#
..8....W#..#
####....#YY#
##....†## ###....#
#....## .......
..8.....8
...........+
...###...##.


You could see 2 death yaks.

Vanquished Creatures
  An ogre mage (D:12)
  A hydra (D:12)
  2 two-headed ogres
  A death yak (Lair:1)
  Pikel (D:8)
  5 cyclopes
  An oklob plant (D:11)
  An ugly thing (D:12)
  A manticore (D:11)
  Maurice (D:7)
  Joseph (D:8)
  A black mamba (Lair:1)
  Maggie (D:8)
  Jeremiah (D:6)
  An unseen horror (D:10)
  A komodo dragon (Lair:1)
  4 trolls
  A polar bear (Lair:1)
  2 slime creatures (D:12)
  A wyvern (D:8)
  A centaur simulacrum (D:12)
  11 yaks
  2 wraiths
  2 vampires
  A vampire mosquito (D:12)
  A death yak simulacrum (IceCv)
  2 acid dragons (D:12)
  5 orc warriors
  An ice beast (D:6)
  A black bear (D:6)
  6 wolves (Lair:1)
  A black bear (shapeshifter) (D:12)
  4 centaurs
  A phantom (D:6)
  A kobold brigand (D:9)
  8 bullfrogs
  A cane toad simulacrum (IceCv)
  A two-headed ogre simulacrum (IceCv)
  6 wights
  10 killer bees
  2 howler monkeys
  An electric eel (D:6)
  4 hounds
  9 orc priests
  2 jellies
  6 iguanas
  6 orc wizards
  A sleepcap (D:5)
  A polar bear simulacrum (IceCv)
  6 adders
  A gnoll (D:2)
  3 shadow imps
  A dart slug (D:1)
  A ribbon worm (D:2)
  26 orcs
  5 ball pythons
  7 endoplasms
  2 giant cockroaches
  4 goblins
  7 hobgoblins
  2 jackals (D:2)
  5 kobolds
  3 quokkas
  4 bats
  A frilled lizard (D:1)
  6 rats
211 creatures vanquished.

Vanquished Creatures (collateral kills)
  Erica (D:8)
  A two-headed ogre (D:12)
  2 tengu warriors (D:12)
  A cyclops (D:12)
  2 unseen horrors (D:11)
  A cane toad (Lair:1)
  A komodo dragon (Lair:1)
  A troll (D:12)
  A hornet (D:9)
  Prince Ribbit (D:8)
  A yak (D:9)
  A wyvern (D:9)
  A water moccasin (Lair:1)
  An orc warrior (D:11)
  A sky beast (D:7)
  2 ice beasts (D:5)
  A wolf (Lair:1)
  2 scorpions
  A cane toad simulacrum (IceCv)
  3 wights
  3 killer bees
  A howler monkey (D:10)
  A hound (D:6)
  A jelly (D:4)
  9 orc wizards
  A wolf simulacrum (IceCv)
  3 gnolls (D:3)
  2 adders
  A white imp (D:3)
  A ribbon worm (D:4)
  10 orcs
  An endoplasm (D:4)
  A goblin (D:4)
  A hobgoblin (D:2)
  A jackal (D:2)
  A quokka (D:3)
  2 kobolds (D:9)
66 creatures vanquished.

Vanquished Creatures (others)
  6 knights
6 creatures vanquished.

Grand Total: 283 creatures vanquished

Notes
Turn   | Place    | Note
-------+----------+-------------------------------------------
     0 | D:1      | MisterFreud the Draconian Shapeshifter began the quest for
                  | the Orb.
     0 | D:1      | Reached XP level 1. HP: 16/16 MP: 1/1
   174 | D:1      | Reached XP level 2. HP: 23/23 MP: 2/2
   352 | D:1      | Found a faded altar of an unknown god.
   402 | D:1      | Prayed at the altar of an unknown god.
   402 | D:1      | Became a worshipper of Hepliaklqana the Forgotten
   402 | D:1      | Reached * piety under Hepliaklqana
  1015 | D:2      | Reached XP level 3. HP: 22/26 MP: 3/3
  1323 | D:2      | Reached ** piety under Hepliaklqana
  1336 | D:2      | Remembered your ancestor Ankherfenedjef as a knight
  1398 | D:2      | Identified the +1 leather armour of the Loofah {rC+ MP+9
                  | Str-2 Slay+4}
  2050 | D:2      | Reached XP level 4. HP: 27/33 MP: 4/4
  2164 | D:3      | Found a basalt altar of Yredelemnul.
  2167 | D:3      | Found a burning altar of Makhleb.
  2171 | D:3      | Found a glowing silver altar of Zin.
  2636 | D:4      | Found an iron altar of Okawaru.
  2750 | D:4      | Reached *** piety under Hepliaklqana
  2768 | D:4      | Reached skill level 4 in Shapeshifting
  2768 | D:4      | Reached XP level 5. HP: 40/40 MP: 5/5
  3258 | D:4      | Reached XP level 6. HP: 27/46 MP: 6/6
  3364 | D:4      | Found a hide-covered altar of Uskayaw.
  3369 | D:4      | Found a radiant altar of Vehumet.
  3695 | D:5      | Entered Level 5 of the Dungeon
  3789 | D:5      | Noticed an ice beast
  3796 | D:5      | Killed an ice beast
  3797 | D:5      | Reached skill level 5 in Unarmed Combat
  3802 | D:5      | Noticed an ice beast
  3808 | D:5      | Killed an ice beast
  3809 | D:5      | Reached skill level 5 in Shapeshifting
  3809 | D:5      | Your scales start taking on a dull iron-grey colour.
  3809 | D:5      | Reached XP level 7. HP: 43/53 MP: 7/7
  4344 | D:5      | Noticed a yak
  4345 | D:5      | Noticed a yak
  4345 | D:5      | Noticed a yak
  4346 | D:5      | Noticed a yak
  4347 | D:5      | Noticed a yak
  4347 | D:5      | Noticed a yak
  4362 | D:5      | Killed a yak
  4363 | D:5      | Reached skill level 6 in Shapeshifting
  4365 | D:5      | Killed a yak
  4598 | D:5      | Killed a yak
  4599 | D:5      | Reached skill level 7 in Shapeshifting
  4599 | D:5      | Reached XP level 8. HP: 39/59 MP: 8/8
  4824 | D:6      | Reached skill level 5 in Dodging
  5226 | D:6      | Reached XP level 9. HP: 64/64 MP: 9/9
  5240 | D:6      | Reached **** piety under Hepliaklqana
  5290 | D:6      | Noticed Jeremiah
  5477 | D:6      | Reached skill level 5 in Fighting
  5679 | D:6      | Found a white marble altar of Elyvilon.
  5801 | D:6      | Gained mutation: You are somewhat resistant to further
                  | mutation. [potion of mutation]
  5810 | D:6      | Killed Jeremiah
  6024 | D:7      | Noticed Maurice
  6027 | D:7      | Paralysed by Maurice for 2 turns
  6030 | D:7      | Something stole a flux talisman
  6040 | D:7      | Something stole a +4 ring of protection
  6046 | D:7      | Killed Maurice
  6184 | D:7      | Found a sparkling altar of Nemelex Xobeh.
  6498 | D:7      | Found a staircase to the Ecumenical Temple.
  6573 | D:7      | Found a stormy altar of Qazlal.
  6629 | D:7      | Found a shimmering altar of Xom.
  6928 | D:8      | Noticed Pikel
  6944 | D:8      | Killed Pikel
  6945 | D:8      | Reached XP level 10. HP: 32/79 MP: 10/10
  7122 | D:8      | Noticed Maggie
  7136 | D:8      | Killed Maggie
  7224 | D:8      | Noticed Prince Ribbit
  7242 | D:8      | Killed Prince Ribbit
  7391 | D:8      | Reached skill level 10 in Unarmed Combat
  7401 | D:8      | Reached skill level 1 in Evocations
  7529 | D:8      | Noticed a two-headed ogre
  7536 | D:8      | Killed a two-headed ogre
  7795 | D:8      | Noticed Joseph
  7808 | D:8      | Killed Joseph
  8014 | D:8      | Noticed Erica
  8022 | D:8      | Killed Erica
  8023 | D:8      | Reached skill level 8 in Shapeshifting
  8312 | D:9      | Reached ***** piety under Hepliaklqana
  8577 | D:9      | Reached skill level 5 in Evocations
  8680 | D:9      | Reached skill level 9 in Shapeshifting
  8680 | D:9      | Reached XP level 11. HP: 57/84 MP: 11/11
  9274 | D:9      | Identified the maw talisman of Classification {Will+ rCorr}
  9710 | D:10     | Entered Level 10 of the Dungeon
  9773 | D:10     | Reached skill level 10 in Shapeshifting
 10903 | D:11     | Found a frozen archway.
 10925 | IceCv    | Entered an ice cave
 11369 | D:11     | Found a staircase to the Orcish Mines.
 11492 | D:11     | Found a staircase to the Lair.
 11495 | D:11     | Noticed an oklob plant
 11616 | D:11     | Noticed a two-headed ogre
 11647 | D:11     | Killed a two-headed ogre
 11991 | D:12     | Noticed a five-headed hydra
 11999 | D:12     | Killed a five-headed hydra
 12342 | D:12     | Noticed a two-headed ogre
 12353 | D:12     | Killed a two-headed ogre
 12624 | D:12     | Noticed a brown ugly thing
 12634 | D:12     | Reached skill level 10 in Dodging
 12637 | D:12     | Killed a green ugly thing
 12792 | D:12     | Reached XP level 12. HP: 64/90 MP: 12/12
 12817 | D:12     | Noticed a tengu warrior
 12822 | D:12     | Noticed a tengu warrior
 12938 | D:12     | Killed a tengu warrior
 13133 | D:12     | Reached skill level 11 in Shapeshifting
 13152 | D:12     | Noticed an ogre mage
 13154 | D:12     | Reached ****** piety under Hepliaklqana
 13160 | D:12     | Killed an ogre mage
 13252 | D:12     | Killed a tengu warrior
 13330 | D:12     | Reached skill level 12 in Shapeshifting
 13528 | Lair:1   | Entered Level 1 of the Lair of Beasts
 14115 | Lair:1   | Noticed a death yak
 14115 | Lair:1   | Noticed a death yak
 14115 | Lair:1   | Noticed a death yak
 14116 | Lair:1   | Noticed a death yak
 14118 | Lair:1   | Noticed a death yak
 14132 | Lair:1   | Killed a death yak
 14133 | Lair:1   | Reached skill level 13 in Shapeshifting
 14148 | Lair:1   | Slain by a death yak

Illustrated notes

Levels and vault maps discovered:
D:1:      matt_arrival_refuge, layout_loops_corners,
          chequers_ecumenical_altar_island
D:2:      layout_basic, hangedman_abyss_or_decor_stabs
D:3:      layout_rooms, minitemple
D:4:      layout_basic, okawaru_trees_2, mainiacjoe_overflow_big_doors
D:5:      layout_basic, guppyfry_early_lair_pool
D:6:      layout_loops_ring, nicolae_elyvilon_temple_path, uniq_jeremiah
D:7:      layout_basic, old_standard_altar, overflow_temple_1_default,
          nicolae_qazlal_beasts_of_the_sky, minmay_temple_entry_enclosed_plants,
          chequers_mini_garden, uniq_maurice
D:8:      layout_basic, uniq_prince_ribbit1, uniq_joseph, uniq_pikel,
          uniq_maggie, uniq_erica
D:9:      layout_long_grid, kennysheep_path_1, minmay_fractal_squares_diagonal_5
D:10:     layout_cave_pods
D:11:     layout_loops_ring, dpeg_oklobed_lair, minmay_orc_entry_temple_small,
          portal_ice_cave_entry_pillars_1
D:12:     minmay_triangles_in_corner, layout_grid_maze,
          kennysheep_generic_room_7
Lair:1:   beast_lair_carwin_large_4, layout_gridlike, grunt_megastairs_5

Skill      XL: |  1  2  3  4  5  6  7  8  9 10 11 12 |
---------------+-------------------------------------+-----
Fighting       | 2 3 4 8 |  8.0
Unarmed Combat | 4 5 6 9 10 | 10.0
Shapeshifting  | 4 5 7 9 10 13 | 13.0
Dodging        | 2 6 10 | 10.0
Evocations     | 5 |  5.0

Action                     |  1- 3 |  4- 6 |  7- 9 | 10-12 || total
---------------------------+-------+-------+-------+-------++-------
  Melee: Unarmed           |   116 |    85 |   215 |   540 ||   956
         Punch             |     5 |     2 |    10 |     5 ||    22
         Tailslap          |    11 |     7 |    37 |   114 ||   169
         Maw               |       |       |       |    26 ||    26
 Invoke: Ancestor Life: Kn |     1 |       |       |       ||     1
         Recall Ancestor   |       |     1 |     2 |       ||     3
  Evoke: Wand              |       |       |     3 |     3 ||     6
    Use: Scroll            |     2 |     8 |     5 |     7 ||    22
         Potion            |       |       |     6 |     3 ||     9
   Stab: Sleeping          |     1 |     1 |       |       ||     2
         Distracted        |       |       |       |     2 ||     2
 Armour: Skin              |    49 |    52 |   131 |   382 ||   614
  Dodge: Dodged            |    61 |    48 |   118 |   599 ||   826
   Form: Flux              |       |       |       |     1 ||     1
         Maw               |       |       |       |     1 ||     1

Table legend: (Time is in decaauts)
 A = Elapsed time spent in this place.
 B = Non-inter-level travel time spent in this place.
 C = Inter-level travel time spent in this place.
 D = Time resting spent in this place.
 E = Time spent auto-exploring this place.
 F = Levels seen in this place.
 G = Mean time per level.
                   A        B        C        D        E       F      G
               +--------+--------+--------+--------+--------+-----+--------+
         Total |  14040 |  13378 |    662 |   1199 |  10161 |  14 | 1002.9 |
       Dungeon |  13269 |  12607 |    662 |    943 |   9796 |  12 | 1105.8 |
          Lair |    605 |    605 |      0 |    137 |    356 |   1 |  605.0 |
      Ice Cave |    165 |    165 |      0 |    119 |      9 |   1 |  165.0 |
               +--------+--------+--------+--------+--------+-----+--------+

Top non-repeatable levels by time:
    D:12: 1505 daAuts
     D:8: 1414 daAuts
     D:9: 1402 daAuts
     D:4: 1280 daAuts
    D:11: 1197 daAuts
     D:6: 1127 daAuts
     D:5: 1095 daAuts
     D:1: 990 daAuts
     D:2: 903 daAuts
    D:10: 879 daAuts
     D:7: 847 daAuts
     D:3: 625 daAuts
  Lair:1: 605 daAuts
   IceCv: 165 daAuts
